 Dungeon Crawl Stone Soup version 0.29-a0-997-gf6f7e2dfe7 (webtiles) character file.

Game seed: 6333401400264876653

42 Sweeb the Trooper (level 3, -2/29 HPs)
             Began as a Demonspawn Fighter on Aug 5, 2022.
             Slain by a gnoll
             ... wielding a +0 spear
              (5 damage)
             ... on level 2 of the Dungeon.
             The game lasted 00:01:21 (976 turns).

Sweeb the Trooper (Demonspawn Fighter)               Turns: 976, Time: 00:01:22

Health: -2/29      AC:  8    Str: 16    XL:     3   Next: 35%
Magic:  3/3        EV:  8    Int:  9    God:
Gold:   49         SH:  5    Dex: 14    Spells: 2/2 levels left

rFire   + . .      SeeInvis .   a - +0 flail
rCold   + . .      Faith    .   c - +0 buckler
rNeg    . . .      Spirit   .   b - +0 scale mail
rPois   +          Reflect  .   (no helmet)
rElec   +          Harm     .   (no cloak)
rCorr   +          Rampage  .   (no gloves)
Will    .....                   (no boots)
Stlth   ..........              (no amulet)
HPRegen 0.09/turn               (no ring)
MPRegen 0.08/turn               (no ring)

@: mighty, brilliant, resistant
A: yellow scales 1
a: no special abilities


You were on level 2 of the Dungeon.
You visited 1 branch of the dungeon, and saw 2 of its levels.

You collected 49 gold pieces.

Inventory:

Hand Weapons
 a - a +0 flail (weapon)
Armour
 b - a +0 scale mail (worn)
 c - a +0 buckler (worn)
Scrolls
 h - a scroll of poison {unknown}
 i - a scroll of butterflies {unknown}
 j - 2 scrolls of identify {unknown}


   Skills:
 + Level 3.2 Fighting
 * Level 2.4 Maces & Flails
 + Level 3.0 Armour
 * Level 3.1 Shields


You had 2 spell levels left.
You didn't know any spells.
Your spell library was empty.

Dungeon Overview and Level Annotations

Branches:
Dungeon (2/15)

Altars:


Innate Abilities, Weirdness & Mutations

You are partially covered in yellow scales. (AC +2)


Message History

You struggle against the net.
A bat comes into view.
The gnoll hits you with a +0 whip!
The bat moves out of view.
You rip the net and break free!
The gnoll hits you with a +0 whip.
You hit the gnoll.
The gnoll is lightly wounded.
The gnoll hits you but does no damage.
You completely miss the gnoll.
The gnoll is lightly wounded.
The gnoll barely misses you.
You barely miss the gnoll.
The gnoll is lightly wounded.
You block the gnoll's attack.
You barely miss the gnoll.
The gnoll is lightly wounded.
The gnoll hits you with a +0 whip!
You closely miss the gnoll. The gnoll hits you with a +0 whip.
You feel very mighty all of a sudden. The gnoll hits you but does no damage.
You closely miss the gnoll. The gnoll hits you with a +0 whip.
* * * LOW HITPOINT WARNING * * *
You sock the gnoll!
You kill the gnoll!
The bat barely misses you. The gnoll hits you but does no damage.
Your Armour skill increases to level 3!
It was a potion of curing.
You feel better. The bat hits you but does no damage.
The gnoll hits you from afar with a +0 spear.
It was a potion of brilliance.
You feel clever all of a sudden. The bat hits you but does no damage.
The bat barely misses you.
The gnoll hits you from afar with a +0 spear!
* * * LOW HITPOINT WARNING * * *
It was a potion of resistance.
You feel protected. The bat hits you but does no damage.
The gnoll barely misses you. The bat hits you but does no damage.
You closely miss the bat. You block the bat's attack.
The gnoll hits you from afar with a +0 spear.
You die... #.# ..# ####.. ..#.# ..b. gg#

#b# ##
#@###....
#....^#
#<#......
#........8...
#...#.#....#.
#.###.#.#$##
# #.. ...#
### .8... ..
.


You could see 2 gnolls and 2 bats.

Vanquished Creatures
  A gnoll (D:2)
  A dart slug (D:1)
  2 bats (D:1)
  3 endoplasms (D:1)
  A goblin (D:1)
  A hobgoblin (D:1)
  3 jackals (D:1)
  3 kobolds (D:1)
  A quokka (D:1)
  6 ball pythons (D:1)
  3 frilled lizards (D:1)
  4 rats (D:1)
29 creatures vanquished.

Notes
Turn   | Place    | Note
-------+----------+-------------------------------------------
     0 | D:1      | Sweeb the Demonspawn Fighter began the quest for the Orb.
     0 | D:1      | Reached XP level 1. HP: 18/18 MP: 1/1
   151 | D:1      | Gained mutation: You are partially covered in yellow
                  | scales. (AC +2) [demonic ancestry]
   151 | D:1      | Reached XP level 2. HP: 24/24 MP: 2/2
   731 | D:1      | Reached XP level 3. HP: 29/29 MP: 3/3
   976 | D:2      | Slain by a gnoll

Illustrated notes

Levels and vault maps discovered:
D:1:      dpeg_arrival_shelter, layout_loops_ring, minmay_quantized
D:2:      layout_basic, minmay_misc_feat_four_crosses, uniq_sigmund,
          uniq_jessica

Skill      XL: |  1  2  3 |
---------------+----------+-----
Maces & Flails | 2 |  2.4
Shields        | 3 |  3.1
Armour         | 3 |  3.0
Fighting       | |  3.2

Action                   || total
-------------------------++-------
Melee: Flail             ||    83
  Use: Potion            ||     4
Armor: Scale mail        ||    49
Dodge: Dodged            ||    39
Block: Buckler           ||    24

Table legend: (Time is in decaauts)
 A = Elapsed time spent in this place.
 B = Non-inter-level travel time spent in this place.
 C = Inter-level travel time spent in this place.
 D = Time resting spent in this place.
 E = Time spent auto-exploring this place.
 F = Levels seen in this place.
 G = Mean time per level.
                   A        B        C        D        E       F      G
               +--------+--------+--------+--------+--------+-----+--------+
         Total |   1002 |    962 |     40 |    196 |    570 |   2 |  501.0 |
       Dungeon |   1002 |    962 |     40 |    196 |    570 |   2 |  501.0 |
               +--------+--------+--------+--------+--------+-----+--------+

Top non-repeatable levels by time:
     D:1: 982 daAuts
     D:2: 19 daAuts
